 Dungeon Crawl Stone Soup version 0.20-a0-494-gf50ee04 (webtiles) character file.

87 M4edhros the Sneak (level 4, -1/28 HPs)
             Began as an Octopode Artificer on Jan 17, 2017.
             Slain by Edmund
             ... wielding a +3 flail of crushing
              (3 damage)
             ... on level 4 of the Dungeon.
             The game lasted 00:00:49 (602 turns).

M4edhros the Sneak (Octopode Artificer)              Turns: 602, Time: 00:00:50

Health: -1/28      AC:  1    Str: 11    XL:     4   Next: 51%
Magic:  6/6        EV: 13    Int: 13    God:
Gold:   26         SH:  0    Dex: 13    Spells: 3/3 levels left

rFire    . . .     SeeInvis .   a - +0 short sword
rCold    . . .     Gourm    .   (no shield)
rNeg     . . .     Faith    .   (helmet restricted)
rPois    .         Spirit   .   (no amulet)
rElec    .         Reflect  .   (no ring)
rCorr    .         Harm     .   (no ring)
MR       .....                  (no ring)
Stlth    ++++......             (no ring)
Regen    0.1/turn               (no ring)
                                (no ring)
                                (no ring)
                                (no ring)

@: no status effects
A: almost no armour, stealthy swim, amphibious, 8 rings, constrict 8, camouflage
1, gelatinous body 1
a: no special abilities


You were on level 4 of the Dungeon.
You were not hungry.

You visited 1 branch of the dungeon, and saw 4 of its levels.

You collected 26 gold pieces.

Inventory:

Hand Weapons
 a - a +0 short sword (weapon)
Wands
 b - a wand of flame (12/48)
 c - a wand of enslavement (15/24)
 d - a wand of random effects (11/48)
Scrolls
 e - a scroll of remove curse {unknown}
 i - a scroll of amnesia {unknown}
 j - a scroll of teleportation {unknown}
 k - a scroll of random uselessness {unknown}
Potions
 g - 2 potions of brilliance {unknown}
 h - a potion of flight {unknown}
 l - a potion of might {unknown}
Comestibles
 f - a bread ration


   Skills:
 - Level 1.0 Fighting
 - Level 1.0 Short Blades
 - Level 2.0 Dodging
 + Level 6.1 Stealth
 - Level 3.2 Evocations


You had 3 spell levels left.
You didn't know any spells.

Dungeon Overview and Level Annotations

Branches:
Dungeon (4/15)
 Temple: D:4-7

Altars:

Annotations:
D:4 Edmund


Innate Abilities, Weirdness & Mutations

You cannot wear most types of armour.
You are very stealthy in the water. (Stealth+)
You are amphibious.
You can wear up to eight rings at the same time.
You can use your tentacles to constrict eight enemies at once.
Your skin changes colour to match your surroundings (Stealth+).
Your rubbery body absorbs attacks. (AC +1, EV +1)


Message History

The bolt of negative energy hits Edmund.
Edmund is drained!
Edmund is severely wounded.
This wand has 12 charges left.
Edmund disappears!
You open the door.
A worm comes into view.
There is an open door here.
Found a scroll labeled OHELYK GO LIC.
A crimson imp comes into view.
You see here a scroll labeled OHELYK GO LIC.
Evoke which item? (* to show all) (? for menu, Esc to quit)
Aiming: Random Effects
Press: ? - help, Shift-Dir - straight line, f/p - Edmund
Aim: Edmund, wielding a flail of crushing and wearing a ring mail (severely wounded) Edmund seems to speed up.
The crimson imp shouts!
This wand has 11 charges left.
Edmund hits you with a flail of crushing!
* * * LOW HITPOINT WARNING * * *
You die...

#######
##......#
##........
#........
#....5.
#....♣♣♣♣♣ ##
#...♣....♣ ...#
#####...(
#@@..♣ ...#
.......# #....♣
♣...# ......#
##...♣♣♣♣♣....#
...Z.#
#............#
....#
##....w......#
...#
##.........###
#..#
###......##.#
#..# ###
####'###..#
#.h# ###.###
#.#....#


You could see Edmund, a worm and a crimson imp.

Vanquished Creatures
  A howler monkey (D:4)
  A centaur skeleton (D:4)
  An adder (D:3)
  An ooze (D:2)
  5 jackals (D:2)
  A bat (D:2)
  A frilled lizard (D:3)
  A goblin (D:2)
  2 rats (D:2)
14 creatures vanquished.

Notes
Turn   | Place    | Note
-------+----------+-------------------------------------------
     0 | D:1      | M4edhros the Octopode Artificer began the quest for the Orb.
     0 | D:1      | Reached XP level 1. HP: 13/13 MP: 3/3
    30 | D:2      | Reached skill level 2 in Stealth
    58 | D:2      | Reached skill level 3 in Stealth
    58 | D:2      | Reached XP level 2. HP: 11/18 MP: 4/4
   289 | D:3      | Reached skill level 4 in Stealth
   289 | D:3      | Reached XP level 3. HP: 19/23 MP: 5/5
   513 | D:4      | Reached skill level 5 in Stealth
   513 | D:4      | Reached XP level 4. HP: 28/28 MP: 6/6
   520 | D:4      | Reached skill level 6 in Stealth
   568 | D:4      | Noticed Edmund
   602 | D:4      | Slain by Edmund

Vault maps used:
D:1:      shiori_arrival_maze, minmay_misc_feat_encased
D:2:      hex_tiny
D:3:      minmay_misc_feat_pillars
D:4:      kennysheep_potato, uniq_edmund

Skill      XL: |  1  2  3  4 |
---------------+-------------+-----
Stealth        | 3 4 5 6 |  6.1
Fighting       | |  1.0
Short Blades   | |  1.0
Dodging        | |  2.0
Evocations     | |  3.2

Action                   |  1- 3 |  4- 6 || total
-------------------------+-------+-------++-------
Melee: Short sword       |    28 |     4 ||    32
       Constrict         |     8 |       ||     8
       Tentacles         |     8 |     1 ||     9
Evoke: Wand              |       |     7 ||     7
 Stab: Sleeping          |     4 |       ||     4
Armor: Skin              |     2 |     1 ||     3
Dodge: Dodged            |    25 |     3 ||    28
